 Dungeon Crawl Stone Soup version 0.15.2 (webtiles) character file.

1234 vonhedlund the Ruinous (level 8, -6/50 HPs)
             Began as a High Elf Conjurer on Dec 10, 2014.
             Killed from afar by Dowan (14 damage)
             ... with a shard of ice
             ... on Level 6 of the Dungeon on Dec 11, 2014.
             The game lasted 00:57:33 (5198 turns).

vonhedlund the Ruinous (High Elf Conjurer)          Turns: 5198, Time: 00:57:33

HP  -6/50        AC  2     Str  7      XL: 8   Next: 24%
MP  23/23        EV 15     Int 21      God:
Gold 280         SH  0     Dex 16      Spells:  2 memorised, 14 levels left

rFire  + + .     SeeInvis .     b - +2 hunting sling of Instant Death {venom, rF++}
rCold  . . .     Clarity  .     f - +0 robe
rNeg   . . .     rCorr    .     (no shield)
rPois  .         rRot     .     (no helmet)
rElec  .         Spirit   .     (no cloak)
SustAb .         Warding  .     (no gloves)
rMut   .         Stasis   .     (no boots)
Gourm  .                        (no amulet)
MR     .....                    (no ring)
                                (no ring)

@: very slightly contaminated, not resistant to hostile enchantments, fairly
stealthy
A: no striking features
a: no special abilities


You were on level 6 of the Dungeon.
You were not hungry.

You visited 2 branches of the dungeon, and saw 7 of its levels.

You collected 280 gold pieces.

Inventory:

Hand weapons
 a - a +6 dagger of venom
 b - the +2 hunting sling of Instant Death (weapon) {venom, rF++}
   (You found it on level 4 of the Dungeon)

   It poisons the ammo it fires.
   It greatly protects you from fire.
 g - a cursed -1 dagger
 n - a +0 dagger
 u - a +0 dagger
Missiles
 h - 19 sling bullets
 k - 72 stones (quivered)
 q - 36 arrows
 L - 17 arrows of frost
Armour
 f - a +0 robe (worn)
 i - a +0 robe
Comestibles
 e - 7 bread rations
 A - a beef jerky
 E - 5 slices of pizza
Scrolls
 j - 2 scrolls of immolation {unknown}
 l - 2 scrolls of identify
 p - 2 scrolls of amnesia
 s - 3 scrolls of remove curse
 t - a scroll of blinking
 w - a scroll of fog {unknown}
 x - a scroll of noise {unknown}
 F - a scroll of fear {unknown}
Jewellery
 y - an uncursed amulet of guardian spirit
Potions
 d - a potion of beneficial mutation {unknown}
 m - a potion of degeneration {unknown}
 o - a potion of magic {unknown}
 r - 3 potions of cancellation {unknown}
 v - a potion of invisibility
 z - a potion of poison {unknown}
 B - 2 potions of curing {unknown}
 C - a potion of heal wounds {unknown}
 D - a potion of mutation {unknown}
 I - a potion of cure mutation {unknown}
 K - a potion of berserk rage {unknown}
Books
 c - a book of Conjurations

   Spells                             Type                      Level
   *Magic Dart                        Conjuration                  1
   *Searing Ray                       Conjuration                  2
   Dazzling Spray                     Conjuration/Hexes            3
   Fulminant Prism                    Conjuration/Hexes            4
   Iskenderun's Mystic Blast          Conjuration                  4
   Iskenderun's Battlesphere          Conjuration/Charms           5
 G - a book of Power

   Spells                             Type                      Level
   Fulminant Prism                    Conjuration/Hexes            4
   Iskenderun's Mystic Blast          Conjuration                  4
   Venom Bolt                         Conjuration/Poison           5
   Bolt of Magma                      Conjuration/Fire/Earth       5
   Iron Shot                          Conjuration/Earth            6
   Orb of Destruction                 Conjuration                  7
 J - a book of Callings

   Spells                             Type                      Level
   Summon Small Mammal                Summoning                    1
   Call Imp                           Summoning                    2
   Call Canine Familiar               Summoning                    3
   Summon Guardian Golem              Hexes/Summoning              4
   Summon Lightning Spire             Summoning/Air                4
   Summon Ice Beast                   Ice/Summoning                4
Magical staves
 H - an uncursed staff of power


   Skills:
 + Level 2.2 Fighting
 + Level 1.4 Short Blades
 + Level 2.9(3.0) Slings
 - Level 0.4(2.4) Throwing
 * Level 5.8 Dodging
 + Level 4.8 Stealth
 * Level 5.2 Spellcasting
 * Level 6.2 Conjurations


You had 14 spell levels left.
You knew the following spells:

 Your Spells              Type           Power        Failure   Level  Hunger
a - Magic Dart            Conj           ####         1%          1    None
b - Searing Ray           Conj           ####..       1%          2    None


Dungeon Overview and Level Annotations

Branches:
Dungeon (6/15)             Temple (1/1) D:5

Altars:
Ashenzari
Cheibriados
Elyvilon
Fedhas
Okawaru
Trog
Xom
Yredelemnul
Zin
The Shining One

Annotations:
D:5 Prince Ribbit; Rgib's ghost, experienced MiBe
D:6 Dowan


Message History

Dowan casts a spell at you. The stone arrow misses you.
Something unseen opens the door.
There is an open door here.
Dowan misses you.
Dowan points at something and mumbles some strange words.
You flicker for a moment.
Dowan gestures at something while chanting.
There is an open door here.
You flicker back into view.
Dowan casts a spell.
Dowan blinks!
Dowan gestures at you while chanting. The shard of ice misses you.
Dowan points at you and mumbles some strange words.
The stone arrow hits you!
* * * LOW HITPOINT WARNING * * *
Dowan casts a spell at you. The shard of ice hits you!
You die...

...............'...#....#'##...#.
...........)...#...#.......#...+.
..#'###..).....#...+.......+...#.
..+...#........###.#.......#+###+
..#...##'#.).#####.###+#......##.
..#...##.'...+......+..'......#..
..'......#...#......#..#......'..
..##'###.#..e#'###+###.#......###
......##.##...).@...## ######...#
......'...'......<..+ +..'...+
......#.###.........#+#####+#...#
..#+###'#####+##.<............###
..'............+..............#..
..#............#..............'..
..##.########.##..............###
####.########'#.......#+####'####
...'...'......'.......+..........


You could see Dowan.

Vanquished Creatures
  Edmund (D:5)
  3 ogres
  A phantom (D:4)
  A sky beast (D:5)
  Duvessa (D:6)
  The ghost of bullock the Magician, an average OpWz (D:4)
  2 scorpions (D:4)
  2 hounds
  A gnoll shaman (D:5)
  5 worker ants
  Ijyb (D:2)
  5 gnolls (D:5)
  6 adders
  2 giant mites
  An inept feature mimic (D:6)
  2 worms
  An iguana skeleton (D:4)
  3 giant geckos
  An ooze (D:3)
  7 orcs
  4 ball pythons
  13 bats
  3 giant cockroaches
  10 goblins
  10 hobgoblins
  4 kobolds
  A quokka (D:5)
  4 giant newts
  A giant spore (D:6)
  A goblin skeleton (D:4)
  5 jackals
  A quokka zombie (D:5)
  11 rats
  A rat skeleton (D:6)
  A ballistomycete (D:6)
117 creatures vanquished.

Vanquished Creatures (others)
  2 butterflies (D:4)
2 creatures vanquished.

Grand Total: 119 creatures vanquished

Notes
Turn   | Place    | Note
--------------------------------------------------------------
     0 | D:1      | vonhedlund, the High Elf Conjurer, began the quest for the Orb.
     0 | D:1      | Reached XP level 1. HP: 11/11 MP: 4/4
   224 | D:1      | Reached XP level 2. HP: 10/17 MP: 3/6
   457 | D:1      | Learned a level 2 spell: Searing Ray
   687 | D:1      | Reached XP level 3. HP: 18/21 MP: 2/8
   954 | D:2      | Noticed Ijyb
   959 | D:2      | Killed Ijyb
   959 | D:2      | Reached skill level 5 in Conjurations
  1201 | D:2      | Reached XP level 4. HP: 27/27 MP: 6/11
  1369 | D:2      | Reached skill level 1 in Slings
  2025 | D:4      | Noticed an ogre
  2161 | D:4      | Noticed bullock's ghost (average OpWz)
  2218 | D:3      | Reached XP level 5. HP: 27/31 MP: 14/14
  2312 | D:4      | Killed bullock's ghost
  2341 | D:4      | Got a brightly glowing hunting sling
  2342 | D:4      | Identified the cursed +2 hunting sling of Instant Death {venom, rF++} (You found it on level 4 of the Dungeon)
  2437 | D:4      | Reached skill level 1 in Fighting
  2437 | D:4      | Reached XP level 6. HP: 36/38 MP: 13/17
  2713 | D:4      | Killed an ogre
  2860 | D:4      | Found a shimmering altar of Xom.
  3067 | D:5      | Entered Level 5 of the Dungeon
  3096 | D:5      | Noticed Edmund
  3155 | D:5      | Reached skill level 1 in Short Blades
  3178 | D:5      | Noticed Rgib's ghost (experienced MiBe)
  3278 | D:4      | Reached XP level 7. HP: 13/43 MP: 13/20
  3462 | D:5      | Found a staircase to the Ecumenical Temple.
  3534 | Temple   | Entered the Ecumenical Temple
  3873 | D:5      | Noticed Prince Ribbit
  3948 | D:4      | Reached skill level 5 in Dodging
  4149 | D:5      | Killed Edmund
  4440 | D:5      | Reached skill level 6 in Conjurations
  4440 | D:5      | Reached XP level 8. HP: 42/50 MP: 22/22
  4592 | D:6      | Reached skill level 5 in Spellcasting
  5148 | D:6      | Found a bloodstained altar of Trog.
  5148 | D:6      | Noticed Duvessa
  5151 | D:6      | Noticed Dowan
  5164 | D:6      | Killed Duvessa
  5198 | D:6      | Killed from afar by Dowan

Action                   |  1- 3 |  4- 6 |  7- 9 || total
-------------------------+-------+-------+-------++-------
Melee: Unarmed           |     4 |       |       ||     4
       Dagger            |    10 |    59 |    19 ||    88
 Fire: Hunting sling     |    24 |    28 |    52 ||   104
Throw: Stone             |       |     2 |       ||     2
 Cast: Magic Dart        |    47 |    48 |    48 ||   143
       Searing Ray       |     2 |     3 |     4 ||     9
  Use: Scroll            |       |     5 |     1 ||     6
       Potion            |       |       |     1 ||     1
 Stab: Sleeping          |     2 |     3 |       ||     5
  Eat: Chunk             |     1 |     4 |     2 ||     7
       Beef jerky        |       |     1 |     2 ||     3
       Fruit             |       |     2 |       ||     2
